 Dungeon Crawl Stone Soup version 0.30.0-10-gfe55d96785 (webtiles) character file.

Game seed: 8193099802136291425

272 ryw the Trooper (level 6, -2/52 HPs)
             Began as a Demonspawn Monk on May 15, 2023.
             Slain by an ogre
             ... wielding a +0 giant spiked club
              (7 damage)
             ... on level 4 of the Dungeon.
             The game lasted 00:06:05 (3780 turns).

ryw the Trooper (Demonspawn Monk)                   Turns: 3780, Time: 00:06:07

Health: -2/52      AC: 16    Str: 16    XL:     6   Next: 2%
Magic:  6/6        EV:  6    Int: 12    God:
Gold:   212        SH:  0    Dex: 23    Spells: 5/5 levels left

rFire   + . .        o - +1 flail (venom)
rCold   . . .        c - orb {light}
rNeg    . . .        b - +1 plate armour
rPois   +            (helmet restricted)
rElec   .            (no cloak)
rCorr   .            (no gloves)
SInv    .            i - +0 pair of boots
Will    .....        (no amulet) Stlth
                     n - ring "Fagassua" {rPois Str+3 Dex+6}
HPRegen 0.28/turn    (no ring)
MPRegen 0.10/turn

%: no passive effects
@: glowing, unable to drink
A: slimy green scales 2, horns 1, thin skeletal structure 1, fire resistance 1,
inability to drink after injury 1
a: no special abilities


You were on level 4 of the Dungeon.
You visited 1 branch of the dungeon, and saw 5 of its levels.

You collected 212 gold pieces.

Inventory:

Hand Weapons
 o - a +1 flail of venom (weapon)
Missiles
 e - 4 curare-tipped darts (quivered)
Armour
 b - a +1 plate armour (worn)
 c - an orb of light (worn)
 i - a +0 pair of boots (worn)
 s - the +3 leather armour of Jerrom {rC+}
   (You found it on level 4 of the Dungeon)

   rC:        It protects you from cold.
Jewellery
 n - the ring "Fagassua" (left hand) {rPois Str+3 Dex+6}
   (You acquired it on level 4 of the Dungeon)

   [ring of dexterity]

   Str:       It affects your strength (+3).
   Dex:       It affects your dexterity (+6).
   rPois:     It protects you from poison.
Wands
 p - a wand of roots (11)
Scrolls
 a - 2 scrolls of enchant armour
 g - a scroll of teleportation
 j - 2 scrolls of butterflies
Potions
 d - 2 potions of heal wounds
 f - a potion of mutation
 h - 6 potions of brilliance {unknown}
 k - a potion of ambrosia
 l - 2 potions of might {unknown}
 m - a potion of curing {unknown}
 q - a potion of degeneration {unknown}
 t - a potion of lignification {unknown}


   Skills:
 + Level 5.6 Fighting
 + Level 1.1 Maces & Flails
 + Level 2.6 Armour
 - Level 2.6 Dodging
 - Level 2.6 Unarmed Combat


You had 5 spell levels left.
You didn't know any spells.
Your spell library contained the following spells:

 Spells                   Type           Power      Damage    Failure   Level
 Magic Dart               Conj           0%         1d3       100%        1
 Lesser Beckoning         Tloc           0%         N/A       100%        2
 Searing Ray              Conj           0%         2d4       100%        2
 Gell's Gravitas          Tloc           0%         N/A       100%        3
 Teleport Other           Tloc           0%         N/A       100%        3
 Fulminant Prism          Conj/Hex       0%         3d5       100%        4


Dungeon Overview and Level Annotations

Branches:
Dungeon (5/15)
 Temple: D:4-7

Altars:
Cheibriados
Yredelemnul


Innate Abilities, Weirdness & Mutations

You are mostly covered in slimy green scales. (AC +3)
You have a pair of small horns on your head.
You have a somewhat thin skeletal structure. (Dex +2, Stealth+)
Your flesh is heat resistant. (rF+)
You occasionally lose the ability to drink potions when taking damage.


Message History

Done exploring.
No target in view!
No target in view!
Done exploring.
No target in view!
No target in view!
No target in view!
No target in view!
You hear the slow hiss of a very distant avalanche of sand.
There is a stone staircase leading up here.
You climb upwards.
There is a stone staircase leading down here.
Unknown command.
There is a stone staircase leading down here.
You climb downwards.
You hear the hiss of flowing sand.
There is an entrance to an ossuary on this level.
Hurry and find it before the portal is buried!
The ogre shouts!
The gnoll shouts! x2
Found a potion of heal wounds and a leather armour.
Found a stone staircase leading up and a stone staircase leading down.
There is a stone staircase leading up here.
The ogre hits you with a +0 giant spiked club!!
You hit the ogre but do no damage.
The ogre is poisoned.
The ogre hits you with a +0 giant spiked club!
You are too injured to fight recklessly!
You are too injured to fight recklessly!
A gnoll comes into view. It is wielding a +0 club.
The gnoll barely misses you.
There is a stone staircase leading up here.
The ogre hits you with a +0 giant spiked club!!
* * * LOW HITPOINT WARNING * * *
You climb upwards.
There is a stone staircase leading down here.
You hit the ogre.
The ogre looks even sicker.
You headbutt the ogre.
The ogre is moderately wounded.
The gnoll hits you with a +0 whip.
* * * LOW HITPOINT WARNING * * *
The ogre hits you with a +0 giant spiked club!
You feel threatened and lose the ability to drink potions!
You die...

###.#^##.### #.........###.#
##^^..##..# ##..........##.##
.'^^._##..###...............#
##^.^^###...#...............#
###^#^###......##...........###
########.......#..............###
.#######......###...............#
..............###..........##.|..
..............##@....)...........
...............gO................
...........................#..(..
.......##................####....
......###...........#...## #....
.......#.......[...##..######....
.......##........#####...#.#.....
...###....##.....###......[.....#
#...##.#.####........####.....###


You could see an ogre (very poisoned) and a gnoll.

Vanquished Creatures
  A jelly (D:5)
  A hound (D:4)
  An iguana (D:5)
  A mummy (D:4)
  7 adders
  An ufetubus (D:3)
  2 dart slugs
  4 worms
  8 orcs
  7 ball pythons
  9 endoplasms
  3 giant cockroaches
  6 goblins
  6 hobgoblins
  4 jackals (D:2)
  3 quokkas
  5 bats
  4 frilled lizards
  7 kobolds
  9 rats
  A spectral orc (D:4)
90 creatures vanquished.

Notes
Turn   | Place    | Note
-------+----------+-------------------------------------------
     0 | D:1      | ryw the Demonspawn Monk began the quest for the Orb.
     0 | D:1      | Reached XP level 1. HP: 18/18 MP: 1/1
   124 | D:1      | Gained mutation: You are partially covered in slimy green
                  | scales. (AC +2) [demonic ancestry]
   124 | D:1      | Reached XP level 2. HP: 17/24 MP: 2/2
   504 | D:1      | Reached skill level 4 in Fighting
  1263 | D:2      | Reached XP level 3. HP: 30/30 MP: 3/3
  1935 | D:3      | Gained mutation: Your flesh is heat resistant. (rF+)
                  | [potion of mutation]
  1935 | D:3      | Gained mutation: You have a pair of small horns on your
                  | head. [potion of mutation]
  1935 | D:3      | Gained mutation: You occasionally lose the ability to drink
                  | potions when taking damage. [potion of mutation]
  1935 | D:3      | Gained mutation: You have a somewhat thin skeletal
                  | structure. (Dex +2, Stealth+) [potion of mutation]
  1947 | D:3      | Gained mutation: You are mostly covered in slimy green
                  | scales. (AC +3) [demonic ancestry]
  1947 | D:3      | Reached XP level 4. HP: 26/38 MP: 4/4
  2058 | D:3      | Reached skill level 1 in Armour
  2191 | D:3      | Reached skill level 5 in Fighting
  2857 | D:4      | Reached XP level 5. HP: 44/44 MP: 5/5
  3171 | D:4      | Identified the +3 leather armour of Jerrom {rC+}
  3210 | D:4      | Found a basalt altar of Yredelemnul.
  3289 | D:4      | Found a snail-covered altar of Cheibriados.
  3476 | D:4      | Identified a scroll of acquirement
  3476 | D:4      | Acquired the ring "Fagassua" {rPois Str+3 Dex+6}
  3554 | D:5      | Entered Level 5 of the Dungeon
  3583 | D:5      | Reached skill level 1 in Maces & Flails
  3650 | D:5      | Reached XP level 6. HP: 37/52 MP: 6/6
  3780 | D:4      | Slain by an ogre

Illustrated notes

Levels and vault maps discovered:
D:1:      co_arrival_square_in_a_square_in_a_square, layout_basic
D:2:      layout_basic
D:3:      minmay_bubble_buster, layout_basic
D:4:      layout_cave_pools, yredelemnul_forgotten_temple_becter,
          chei_slow_surprise
D:5:      layout_basic, nicolae_ru_path_of_blood,
          lightli_ossuary_entry_decrepit_ruins, gammafunk_ghost_grave,
          nicolae_figureground_pulse

Skill      XL: |  1  2  3  4  5 |
---------------+----------------+-----
Fighting       | 4 5 |  5.6
Armour         | 1 2 |  2.6
Maces & Flails | 1 |  1.1
Dodging        | |  2.6
Unarmed Combat | |  2.6

Action                     |  1- 3 |  4- 6 || total
---------------------------+-------+-------++-------
  Melee: Unarmed           |   174 |    49 ||   223
         Headbutt          |     1 |    44 ||    45
         Dagger            |       |    81 ||    81
         Flail             |       |    26 ||    26
    Use: Potion            |     3 |       ||     3
         Scroll            |     8 |     5 ||    13
 Armour: Robe              |    10 |       ||    10
         Plate armour      |   102 |   132 ||   234
  Dodge: Dodged            |    45 |    35 ||    80
